AoeStats
← Duke Skellington

Golden Pit

507161175Analyzed
1v1 RM · 14d ago on Sep 16, 2026· 48m 27s· 2 players
Game mode
Random Map
Map size
Tiny (2 player)
Population
200
Speed
Normal
Resources
Standard
Victory
Conquest
Starting age
Dark Age
Ending age
Imperial Age
RankedLock teamsTeams togetherTeam positionsShared explorationLock speedFull tech treeHidden civsTurbo modeCheats
Victory
Defeat
🇧🇷 Inca · Brazil
641
+10
🇦🇺 Aztecs · Australia
516
-10
Duke Skellington
16:20 Feudal Age
21:19 Wheelbarrow
20:30 Loom
23:56 Castle Age
24:55 Scale Mail Armor
25:06 Forging
24:52 Fletching
25:29 Hand Cart
26:00 Chain Mail Armor
30:46 Bodkin Arrow
43:29 Murder Holes
49:00 Imperial Age
Jaguara
0:45 Loom
10:25 Feudal Age
11:39 Double-Bit Axe
11:51 Town Watch
13:55 Horse Collar
20:46 Arson
25:17 Castle Age
24:05 Champi Runner
25:36 Wheelbarrow
24:59 Fletching
25:18 Scale Mail Armor
26:17 Bodkin Arrow
30:34 Town Patrol
33:10 Imperial Age
32:05 Scale Mail Armor
35:57 Andean Sling
35:29 Elite Kamayuk
36:43 Bow Saw
39:51 Hoardings
43:21 Champi Warrior
44:02 Squires
43:30 Champi Warrior
46:02 Ballistics
46:43 Chemistry
46:06 Murder Holes
47:46 Fabric Shields
48:14 Heavy Plow
Connection lost

Rejoining the realm…

Still unreachable

The connection could not be restored.

Session expired

The server has moved on; the page needs a fresh start.